 Dungeon Crawl Stone Soup version 0.17-a0-989-gada8a91 (console) character file.

362 Monkaria the Slasher (level 6, 0/48 HPs)
             Began as a Demonspawn Chaos Knight on May 12, 2015.
             Slain by a kobold
             ... wielding a +0 short sword
              (4 damage)
             ... in a sewer.
             The game lasted 00:05:27 (3007 turns).

Monkaria the Slasher (Demonspawn Chaos Knight)      Turns: 3007, Time: 00:05:28

Health: 0/48       AC:  8    Str: 14    XL:     6   Next: 39%
Magic:  6/6        EV:  9    Int: 14    God:    Xom [.*....]
Gold:   180        SH:  0    Dex: 12    Spells: 0 memorised, 5 levels left

rFire  + . .     SeeInvis +     a - +1 falchion (chaos)
rCold  . . .     Clarity  .     d - +0 scale mail (curse)
rNeg   . . .     SustAb   .     (no shield)
rPois  .         Gourm    .     (no helmet)
rElec  .         Spirit   .     (no cloak)
rCorr  .         Warding  .     (no gloves)
rMut   .         Stasis   .     g - +0 pair of boots
MR     .....                    (no amulet)
Stlth  ..........               (no ring)
                                j - ring of see invisible

@: confused, not resistant to hostile enchantments, extremely unstealthy
A: icy blue scales 1, fire resistance 1, ignite blood, flame cloud immunity
a: Renounce Religion


You were in a sewer.
You worshipped Xom.
You were a plaything of Xom.
You were not hungry.

You visited 1 branch of the dungeon, and saw 3 of its levels.
You also visited: Sewer.

You collected 180 gold pieces.

Inventory:

Hand weapons
 a - a +1 falchion of chaos (weapon)
 h - the +6 lajatang "Kaewneisa" {chaos, +Blink}
   (Xom gifted it to you on level 3 of the Dungeon)

   Each time it hits an enemy it has a different, random effect.
   It lets you blink.
 o - a cursed -1 blowgun
 t - a +0 hand crossbow
Missiles
 p - 28 poisoned needles
 u - 22 silver bolts
Armour
 b - a +2 leather armour
 d - a cursed +0 scale mail (worn)
 g - a +0 pair of boots (worn)
Jewellery
 j - a ring of see invisible (left hand)
Scrolls
 l - a scroll of noise
 q - a scroll of holy word {unknown}
Potions
 e - a potion of heal wounds
 f - 2 potions of flight
 i - a potion of cure mutation {unknown}
 k - 2 potions of curing
 r - a potion of might {unknown}
 s - a potion of agility
Comestibles
 c - a bread ration
 m - 2 meat rations
 n - 3 chunks of flesh


   Skills:
 - Level 4.1 Fighting
 + Level 5.9 Long Blades
 - Level 2.0 Armour
 - Level 0.8 Dodging


You had 5 spell levels left.
You didn't know any spells.

Dungeon Overview and Level Annotations

Branches:
Dungeon (3/15)

Altars:
Makhleb
Okawaru


Innate Abilities, Weirdness & Mutations

You are partially covered in icy blue scales (AC +1).
Your flesh is heat resistant.
Your demonic aura causes spilled blood to erupt in flames.
You are immune to clouds of flame.


Message History

The big kobold hits you but does no damage.
The kobold hits you but does no damage.
You miss the big kobold.
The big kobold is lightly wounded.
The big kobold hits you with a whip!
* * * LOW HITPOINT WARNING * * *
The kobold hits you but does no damage. The kobold hits you but does no damage.
Unknown command.
You miss the kobold.
The big kobold hits you but does no damage.
The kobold hits you but does no damage.
You hit the kobold.
The kobold is severely wounded.
Xom's power touches on a nearby monster.
The big kobold seems to speed up.
The big kobold hits you with a whip.
* * * LOW HITPOINT WARNING * * *
The kobold hits you with a short sword.
You die...
Xom chuckles heartily!

# #≈ #≈≈ #≈≈#######
#≈≈#!!#..#..######
#≈≈#!))..#...l...# ##
#≈≈##KK..+........###.
#≈≈#!@§..#S...........
#≈≈#!?#..#≈...........
#≈≈#######≈≈≈##......#
#≈≈ #≈≈≈≈ #.≈.... #≈
#≈#≈≈≈≈≈≈≈≈..≈. #
≈#≈≈≈≈≈≈≈≈≈≈≈≈≈ #
#≈#≈≈≈≈≈≈≈≈≈≈≈≈ #≈
#≈≈≈≈≈≈≈≈≈≈≈≈≈ #≈≈
#≈≈≈≈≈≈≈≈≈≈≈≈


You could see a big kobold and a kobold.

Vanquished Creatures
  2 big kobolds (Sewer)
  2 orc wizards (D:3)
  3 adders
  6 river rats (Sewer)
  A worm (D:2)
  3 giant geckos
  2 orcs (D:3)
  7 ball pythons
  2 bats
  7 giant cockroaches
  7 goblins (D:1)
  12 hobgoblins
  A jackal (shapeshifter) (D:3)
  8 giant newts
  22 kobolds
  17 rats
102 creatures vanquished.

Vanquished Creatures (collateral kills)
  3 rats (Sewer)
3 creatures vanquished.

Grand Total: 105 creatures vanquished

Notes
Turn   | Place    | Note
--------------------------------------------------------------
     0 | D:1      | Monkaria the Demonspawn Chaos Knight began the quest for the Orb.
     0 | D:1      | Reached XP level 1. HP: 18/18 MP: 1/1
    70 | D:1      | Gained mutation: Your flesh is heat resistant. [demonic ancestry]
    70 | D:1      | Reached XP level 2. HP: 12/24 MP: 2/2
   194 | D:1      | Reached skill level 4 in Fighting
   467 | D:1      | XOM: potion effect (berserk rage)
   522 | D:1      | Gained mutation: You are immune to clouds of flame. [demonic ancestry]
   522 | D:1      | Reached XP level 3. HP: 30/30 MP: 3/3
   809 | D:1      | XOM: silly message
   813 | D:1      | XOM: divination: magic mapping
   944 | D:1      | XOM: harmless Summ miscast
  1241 | D:2      | XOM: divination: detect creatures
  1673 | D:2      | Found an iron altar of Okawaru.
  1682 | D:2      | Reached XP level 4. HP: 37/37 MP: 4/4
  2105 | D:3      | XOM: god gift: crude lajatang {god gift}
  2106 | D:3      | Got a crude lajatang {god gift}
  2182 | D:3      | Found a burning altar of Makhleb.
  2184 | D:3      | XOM: chaos cloud
  2185 | D:3      | Paralysed by you for 5 turns
  2187 | D:3      | XOM: polymorph hound -> adder
  2188 | D:3      | XOM: fake destruction
  2236 | D:3      | XOM: silly message
  2253 | D:3      | Found a glowing drain.
  2257 | Sewer    | Entered a sewer
  2415 | Sewer    | XOM: harmless Necr miscast
  2489 | Sewer    | XOM: god gift: glowing scale mail {god gift}
  2503 | Sewer    | Identified the +6 lajatang "Kaewneisa" {chaos, +Blink} (Xom gifted it to you on level 3 of the Dungeon)
  2530 | Sewer    | Gained mutation: You are partially covered in icy blue scales (AC +1). [demonic ancestry]
  2530 | Sewer    | Reached XP level 5. HP: 38/42 MP: 5/5
  2642 | Sewer    | Noticed a big kobold
  2650 | Sewer    | Killed a big kobold
  2650 | Sewer    | Reached skill level 5 in Long Blades
  2690 | Sewer    | XOM: cast spell 'Summon Butterflies'
  2693 | Sewer    | XOM: chaos cloud
  2696 | Sewer    | XOM: swap monsters
  2807 | Sewer    | XOM: confuse monster(s)
  2908 | Sewer    | Gained mutation: Your demonic aura causes spilled blood to erupt in flames. [demonic ancestry]
  2908 | Sewer    | Reached XP level 6. HP: 42/48 MP: 6/6
  2950 | Sewer    | XOM: medium Erth miscast
  2950 | Sewer    | XOM: smoke on damage
  2989 | Sewer    | XOM: 5-stop teleportation journey
  2990 | Sewer    | Noticed a big kobold
  2990 | Sewer    | Noticed a big kobold
  2991 | Sewer    | Killed a big kobold
  3001 | Sewer    | XOM: confusion
  3007 | Sewer    | XOM: enchant monster (bad)
  3007 | Sewer    | Slain by a kobold

Vault maps used:
D:1:      minmay_arrival_solitary_statue
D:2:      okawaru_metal_pillars_1_2
D:3:      makhleb_blood_cavern_becter, overflow_temple_1_default,
          gup_sewer_entry_bowl, wad_floor_pattern_1
Sewer:    sewer_minmay_treatment

Action                   |  1- 3 |  4- 6 || total
-------------------------+-------+-------++-------
Melee: Falchion          |   134 |   148 ||   282
  Use: Scroll            |       |     6 ||     6
       Potion            |       |     2 ||     2
 Stab: Paralysed         |     2 |     1 ||     3
       Confused          |       |     3 ||     3
       Sleeping          |       |     1 ||     1
  Eat: Chunk             |     2 |     4 ||     6
       Beef jerky        |       |     1 ||     1
